 Dungeon Crawl Stone Soup version 0.27-a0-1245-g940ed4fa31 (webtiles) character file.

Game seed: 16029518458750469852

161 robertstho the Shooter (level 5, -3/45 HPs)
             Began as a Minotaur Hunter on June 9, 2021.
             Slain by Ijyb
             ... wielding a +4 dagger of holy wrath
              (8 damage)
             ... on level 3 of the Dungeon.
             The game lasted 00:03:15 (2110 turns).

robertstho the Shooter (Minotaur Hunter)            Turns: 2110, Time: 00:03:15

Health: -3/45      AC:  6    Str: 13 (16) XL:     5   Next: 19%
Magic:  4/4        EV: 10    Int:  7 (8)  God:
Gold:   134        SH:  0    Dex: 10 (12) Spells: 4/4 levels left

rFire    . . .     SeeInvis .   c - +2 longbow (vorpal)
rCold    . . .     Faith    .   (shield currently unavailable)
rNeg     . . .     Spirit   .   g - +0 ring mail
rPois    .         Reflect  .   (helmet restricted)
rElec    .         Harm     .   (no cloak)
rCorr    .         Rampage  .   j - +0 pair of gloves
Will     .....                  (no boots)
Stlth    +.........             (no amulet)
HPRegen  0.15/turn              (no ring)
MPRegen  0.09/turn              (no ring)

@: no status effects
A: horns 2, retaliatory headbutt
a: no special abilities


You were on level 3 of the Dungeon.
You visited 1 branch of the dungeon, and saw 3 of its levels.

You collected 134 gold pieces.

Inventory:

Hand Weapons
 c - a +2 vorpal longbow (weapon)
 h - a +0 whip of venom
Missiles
 d - 19 arrows (quivered ammo)
Armour
 g - a +0 ring mail (worn)
 j - a +0 pair of gloves (worn)
Scrolls
 a - a scroll of immolation {unknown}
 b - a scroll of vulnerability {unknown}
 f - 2 scrolls of enchant weapon
 i - 2 scrolls of teleportation {unknown}
 k - a scroll of fog
Potions
 l - 2 potions of resistance


   Skills:
 * Level 3.0 Fighting
 * Level 6.6 Bows
 + Level 1.5 Armour
 + Level 2.1 Dodging
 + Level 0.8 Stealth


You had 4 spell levels left.
You didn't know any spells.
Your spell library was empty.

Dungeon Overview and Level Annotations

Branches:
Dungeon (3/15)

Altars:

Annotations:
D:3 1 runed translucent door, Demosthentine's ghost, amateur MfGl; Ijyb


Innate Abilities, Weirdness & Mutations

You have a pair of horns on your head.
You reflexively headbutt those who attack you in melee.


Message History

You are too injured to fight recklessly!
You are too injured to fight recklessly!
You are too injured to fight recklessly!
You are too injured to fight recklessly!
It was a potion of degeneration.
There was something very wrong with that liquid.
You feel weakened.
You feel dopey.
You feel clumsy.
Ijyb drinks a potion.
Ijyb goes berserk!
Fire: 23 arrows
Press: ? - help, Q - select action Shift-Dir - straight line, f/p - Ijyb
Aim: Ijyb, wielding a +4 dagger of holy wrath, wearing a +0 ring mail and carrying a wand of iceblast (11) (severely wounded, berserk, 57% to hit)
You shoot an arrow. The arrow hits Ijyb.
Ijyb is severely wounded.
Ijyb rages.
Fire: 22 arrows
Press: ? - help, Q - select action Shift-Dir - straight line, f/p - Ijyb
Aim: Ijyb, wielding a +4 dagger of holy wrath, wearing a +0 ring mail and carrying a wand of iceblast (11) (severely wounded, berserk, 57% to hit)
You shoot an arrow. The arrow barely misses Ijyb.
The arrow hits the gnoll!
The gnoll is almost dead.
Ijyb hits you with a +4 dagger of holy wrath! x2
* * * LOW HITPOINT WARNING * * *
Fire: 21 arrows
Press: ? - help, Q - select action Shift-Dir - straight line, f/p - Ijyb
Aim: Ijyb, wielding a +4 dagger of holy wrath, wearing a +0 ring mail and carrying a wand of iceblast (11) (severely wounded, berserk, 57% to hit)
You shoot an arrow. The arrow barely misses Ijyb.
The arrow hits the gnoll!
You kill the gnoll!
Ijyb hits you with a +4 dagger of holy wrath.
* * * LOW HITPOINT WARNING * * *
An endoplasm comes into view.
Ijyb barely misses you. You furiously retaliate!
You headbutt Ijyb, but do no damage.
The endoplasm jiggles.
Your Fighting skill increases to level 3!
Fire: 20 arrows
Press: ? - help, Q - select action Shift-Dir - straight line, f/p - Ijyb
Aim: Ijyb, wielding a +4 dagger of holy wrath, wearing a +0 ring mail and carrying a wand of iceblast (11) (severely wounded, berserk, 57% to hit)
You shoot an arrow. The arrow hits Ijyb.
Ijyb is almost dead.
Ijyb hits you with a +4 dagger of holy wrath!
You die...

##...# ... #...## ....
###.#.### .....
#...#...# ####..
#.#####.# #...#...#
###.#.###
#...################.#
##.##........)@g)J((.#
#.##.#.#.########(....
#......#.# ##g
####.###.# #.....#
#######


You could see Ijyb (berserk) and an endoplasm.

Vanquished Creatures
  An orc wizard (D:3)
  4 gnolls (D:3)
  2 adders (D:2)
  3 worms (D:2)
  3 dart slugs (D:1)
  4 orcs (D:3)
  6 ball pythons
  5 endoplasms
  4 giant cockroaches
  7 hobgoblins
  3 jackals (D:1)
  2 quokkas
  7 bats
  3 frilled lizards
  A goblin (D:2)
  3 kobolds
  5 rats (D:1)
63 creatures vanquished.

Vanquished Creatures (others)
  2 withered plants (D:3)
2 creatures vanquished.

Grand Total: 65 creatures vanquished

Notes
Turn   | Place    | Note
-------+----------+-------------------------------------------
     0 | D:1      | robertstho the Minotaur Hunter began the quest for the Orb.
     0 | D:1      | Reached XP level 1. HP: 18/18 MP: 0/0
    58 | D:1      | Reached XP level 2. HP: 20/25 MP: 1/1
   161 | D:1      | Reached skill level 5 in Bows
   512 | D:1      | Reached XP level 3. HP: 30/30 MP: 2/2
   885 | D:2      | Found a faded altar of an unknown god.
   923 | D:2      | Reached skill level 6 in Bows
  1041 | D:2      | Reached skill level 1 in Armour
  1041 | D:2      | Reached XP level 4. HP: 29/37 MP: 3/3
  1694 | D:3      | Identified a scroll of acquirement
  1696 | D:3      | Acquired a +2 vorpal longbow
  1800 | D:3      | Found a runed translucent door.
  1800 | D:3      | Noticed Demosthentine's ghost (amateur MfGl)
  2093 | D:3      | Reached XP level 5. HP: 44/44 MP: 4/4
  2103 | D:3      | Noticed Ijyb
  2110 | D:3      | Slain by Ijyb

Illustrated notes

Levels and vault maps discovered:
D:1:      eino_arrival_water_star, layout_basic, serial_park_tiny_pond,
          hangedman_decor_points, minmay_heptomino_d4
D:2:      layout_loops_ring, basic_ecumenical_altar
D:3:      layout_loops_cross, serial_shops, shop, gammafunk_ghost_grave,
          uniq_natasha, uniq_ijyb

Skill      XL: |  1  2  3  4  5 |
---------------+----------------+-----
Bows           | 5 6 |  6.6
Armour         | 1 |  1.5
Fighting       | 3 |  3.0
Dodging        | |  2.1
Stealth        | |  0.8

Action                   |  1- 3 |  4- 6 || total
-------------------------+-------+-------++-------
Melee: Whip              |       |     3 ||     3
 Fire: Shortbow          |   107 |    22 ||   129
       Longbow           |       |    23 ||    23
  Use: Scroll            |       |     5 ||     5
       Potion            |       |     1 ||     1
Armor: Leather armour    |     4 |       ||     4
       Ring mail         |     4 |     4 ||     8
Dodge: Dodged            |    19 |     9 ||    28

Table legend: (Time is in decaauts)
 A = Elapsed time spent in this place.
 B = Non-inter-level travel time spent in this place.
 C = Inter-level travel time spent in this place.
 D = Time resting spent in this place.
 E = Time spent auto-exploring this place.
 F = Levels seen in this place.
 G = Mean time per level.
                   A        B        C        D        E       F      G
               +--------+--------+--------+--------+--------+-----+--------+
         Total |   2121 |   2110 |     11 |      0 |   1772 |   3 |  707.0 |
       Dungeon |   2121 |   2110 |     11 |      0 |   1772 |   3 |  707.0 |
               +--------+--------+--------+--------+--------+-----+--------+

Top non-repeatable levels by time:
     D:2: 974 daAuts
     D:1: 720 daAuts
     D:3: 426 daAuts
